Map: Odyssey LE

Players

Skin - Winner!

  • Race: Terran Terran
  • League: Diamond
  • Spawn Location: 5:00

A.I. 1 (Very Easy)

  • Race: Zerg Zerg
  • Spawn Location: 11:00

VOD

Have the link to the VOD?

Description

TvZ_ Walrus CycloneHellbat_1BF_allin

Time

  • Played on: Sept. 20, 2017, 6:59 a.m.
  • Length: 6:52
Show
View Real Time Build Order
Export as new Build Order

Skin Terran - Winner!

Build Orders: Hellion Opening 

Get SALT Encoding   

  12  0:01  SCV  
  13  0:13  SCV  
  14  0:17  Supply Depot  
  14  0:25  Refinery  
  14  0:28  SCV  
  15  0:40  SCV  
  16  0:45  Barracks  
  16  0:54  SCV  
  17  1:06  SCV  
  18  1:18  SCV  
  20  1:33  Orbital Command  
  20  1:36  Marine  
  20  1:49  Command Center  
  20  2:00  Barracks Reactor  
  20  2:02  Factory  
  20  2:05  SCV  
  21  2:11  Supply Depot  
  21  2:19  Refinery  
  21  2:20  SCV  
  22  2:36  Factory  
  23  2:44  SCV  
  23  2:51  Barracks Tech Lab  
  23  2:53  Hellion x2  
  23  2:57  SCV  
  28  3:01  Orbital Command  
  28  3:13  Armory  
  28  3:16  Hellion  
  30  3:23  Hellion  
  32  3:29  SCV  
  32  3:30  SCV  
  34  3:39  Cyclone  
  37  3:42  Hellion  
  37  3:46  Hellion  
  41  3:49  SCV x2  
  43  3:56  Infernal Pre-Igniter  
  43  4:02  Terran Vehicle Weapons Level 1  
  43  4:08  Hellion  
  45  4:14  Supply Depot  
  45  4:18  Hellion  
  45  4:20  Cyclone  
  50  4:29  SCV x2  
  50  4:30  Hellion  
  54  4:39  Hellion  
  56  4:49  SCV x2  
  58  4:53  Supply Depot, Cyclone  
  61  5:02  Supply Depot  
  61  5:14  Hellion  
  63  5:24  Hellion  
  65  5:34  Refinery  
  65  5:35  SCV x2  
  67  5:36  Refinery  
  67  5:38  Supply Depot  
  67  5:43  Cyclone  
  67  5:45  Hellion x2  
  67  5:47  SCV x2  
  76  6:29  SCV x2  
Show
View Real Time Build Order
Export as new Build Order

A.I. 1 (Very Easy) Zerg 

Build Orders: Pool Only 

Get SALT Encoding   

  12  0:01  Drone  
  13  0:12  Overlord  
  13  0:16  Drone  
  14  0:36  Spawning Pool  
  14  0:37  Extractor  
  14  0:39  Drone  
  13  0:46  Drone  
  14  0:53  Overlord  
  14  1:22  Zergling x2  
  14  1:25  Queen  
  17  1:34  Roach Warren  
  17  1:37  Drone  
  17  1:40  Extractor  
  17  1:45  Drone  
  17  1:49  Zergling x2  
  18  2:03  Drone  
  19  2:10  Drone  
  20  2:17  Zergling x2  
  20  2:20  Drone  
  22  2:31  Overlord  
  22  2:34  Drone  
  23  2:41  Drone  
  26  2:44  Roach  
  26  2:48  Drone  
  27  6:13  Zergling x2  
Tags
 
Add a new tag
Caveats
  • Supply blocks, unpowered buildings, or Contaminate may cause inaccurate times.
  • Supply counts are checked every 10 seconds.